 Dungeon Crawl Stone Soup version 0.24.0-123-gd5b16e6ec5 (webtiles) character file.

Game seed: 3581534515335940857, levelgen mode: deterministic

32 FishyPogo the Skirmisher (level 3, -31/33 HPs)
             Began as a Minotaur Fighter on Dec 28, 2019.
             Killed from afar by a kobold (45 damage)
             ... with an exploding inner flame
             ... hexed by the player character
             ... on level 5 of the Dungeon.
             The game lasted 00:03:28 (498 turns).

FishyPogo the Skirmisher (Minotaur Fighter)          Turns: 498, Time: 00:03:58

Health: -31/33     AC:  7    Str: 21    XL:     3   Next: 10%
Magic:  2/2        EV:  7    Int:  5    God:
Gold:   99         SH:  9    Dex:  9    Spells: 2/2 levels left

rFire    . . .     SeeInvis .   a - +0 whip
rCold    . . .     Gourm    .   c - +0 shield
rNeg     . . .     Faith    .   b - +0 scale mail
rPois    .         Spirit   .   (helmet restricted)
rElec    .         Reflect  .   (no cloak)
rCorr    .         Harm     .   (no gloves)
MR       .....                  (no boots)
Stlth    +.........             (no amulet)
HPRegen  0.11/turn              o - ring of stealth
MPRegen  0.08/turn              i - ring of wizardry

@: no status effects
A: retaliatory headbutt, horns 2
a: no special abilities


You were on level 5 of the Dungeon.
You were not hungry.

You visited 1 branch of the dungeon, and saw 5 of its levels.

You collected 99 gold pieces.

Inventory:

Hand Weapons
 a - a +0 whip (weapon)
Missiles
 m - a stone (quivered)
 n - a throwing net
Armour
 b - a +0 scale mail (worn)
 c - a +0 shield (worn)
Jewellery
 i - a ring of wizardry (right hand)
 o - a ring of stealth (left hand)
Scrolls
 g - a scroll of random uselessness
Potions
 d - a potion of might
 e - a potion of invisibility {unknown}
 k - a potion of curing {unknown}
Comestibles
 f - 2 rations


   Skills:
 * Level 4.2 Fighting
 + Level 2.8 Maces & Flails
 + Level 4.0 Armour
 * Level 4.2 Shields


You had 2 spell levels left.
You didn't know any spells.
Your spell library was empty.

Dungeon Overview and Level Annotations

Branches:
Dungeon (5/15)
 Temple: D:4-7

Altars:
Fedhas

Annotations:
D:3 Natasha


Innate Abilities, Weirdness & Mutations

You reflexively headbutt those who attack you in melee.
You have a pair of horns on your head.


Message History

Found a ring mail and a quarterstaff.
There is a stone staircase leading up here.
You closely miss the gnoll. You headbutt the gnoll.
The gnoll is moderately wounded.
You block the kobold's attack. The gnoll hits you with a +0 club.
You closely miss the gnoll.
The gnoll is moderately wounded.
You block the kobold's attack. The gnoll closely misses you.
You whack the gnoll! You headbutt the gnoll.
You kill the gnoll!
Your Armour skill increases to level 4!
You have reached level 3!
Your experience leads to an increase in your attributes!
Increase (S)trength, (I)ntelligence, or (D)exterity?
You feel stronger. The kobold barely misses you. You furiously retaliate!
You headbutt the kobold!
The kobold explodes!
The fiery explosion engulfs you!!!
Ouch! That really hurt!
You die... # #§######.# #§§@).[..# ########.#

There were no monsters in sight!

Vanquished Creatures
  A gnoll (D:5)
  A worm (D:3)
  3 giant cockroaches
  3 goblins
  3 hobgoblins
  2 jackals (D:3)
  A bat (D:3)
  2 kobolds
  2 rats
18 creatures vanquished.

Vanquished Creatures (others)
  A fungus (D:3)
1 creature vanquished.

Grand Total: 19 creatures vanquished

Notes
Turn   | Place    | Note
-------+----------+-------------------------------------------
     0 | D:1      | FishyPogo the Minotaur Fighter began the quest for the Orb.
     0 | D:1      | Reached XP level 1. HP: 19/19 MP: 0/0
   128 | D:3      | Reached XP level 2. HP: 25/27 MP: 1/1
   141 | D:4      | Noticed a howler monkey
   161 | D:3      | Found a blossoming altar of Fedhas.
   424 | D:3      | Noticed Natasha
   439 | D:3      | Noticed a crimson imp
   479 | D:4      | Noticed a scorpion
   495 | D:5      | Entered Level 5 of the Dungeon
   498 | D:5      | Reached XP level 3. HP: 14/33 MP: 2/2
   498 | D:5      | Killed from afar by a kobold

Levels and vault maps discovered:
D:1:      scummos_arrival_forest, layout_basic, serial_rivers,
          chequers_serial_rivers_micro_d, chequers_serial_rivers_small_3,
          chequers_serial_rivers_micro_b, chequers_serial_rivers_micro_a,
          nrook_campfire, serial_park_tiny_2
D:2:      layout_basic
D:3:      layout_basic, fedhas_altar_3, uniq_grinder, uniq_ijyb, uniq_natasha
D:4:      layout_cave_pools, first_ration, uniq_menkaure
D:5:      layout_loops_ring, uniq_duvessa

Skill      XL: |  1  2 |
---------------+-------+-----
Fighting       | 4 |  4.2
Shields        | 4 |  4.2
Armour         | 4 |  4.0
Maces & Flails | |  2.8

Action                   || total
-------------------------++-------
Melee: Whip              ||    58
       Headbutt          ||    14
       Flail             ||     1
  Use: Scroll            ||     4
Armor: Scale mail        ||    25
Dodge: Dodged            ||    20
Block: Shield            ||    42
